Cogmind - Beta 14 @@@ ROGUE MODE // 2024.09.02 @ 13:00:50 Player: Mallow Result: Destroyed by Y-54 Guardian with Gatling Laser Performance ------------- Evolutions (3) 1500 Regions Visited (9) 1800 Robots Destroyed (63) 315 Value Destroyed (2176) 2176 Prototype IDs (5) 100 Alien Tech Used (0) 0 Bonus (391) 391 TOTAL SCORE: 6282 Bonus ------- High Alert Combat Kills 91 Aligned with FarCom 300 Cogmind --------- Core Integrity 0/700 Matter 290/300 Energy 145/150 System Corruption 7% Temperature Cool (6) Movement Treading (167) Location -7/Storage Parts ------- > --- POWER (1) -------- Micro Nuclear Core > --- PROPULSION (4) --- Armored Treads Armored Treads Armored Treads Medium Treads > --- UTILITY (4) ------ System Shield > --- WEAPON (4) ------- Proton Missile Launcher > --- INVENTORY (5) ---- (None) Peak State ------------ > --- POWER ------------ Light Deuterium Engine > --- PROPULSION ------- Airjet Airjet Airjet Airjet > --- UTILITY ---------- Small Storage Unit Weight Redist. System Structural Scanner Hacking Suite > --- WEAPON ----------- AWS/Gauss Mass Driver Great Maul > --- INVENTORY -------- Micro Nuclear Core Gravmag System Gravmag System Trap Scanner Advanced ECM Suite Hardened Medium Armor Plating Improved Shield Generator [Rating: 49] Favorites ----------- Power Light Deuterium Engine Engine Light Deuterium Engine Power Core Light Nuclear Core Propulsion Light Treads Treads Light Treads Hover Unit Airjet Flight Unit Cesium-ion Thruster Utility Small Storage Unit Device Weight Redist. System Storage Small Storage Unit Processor Improved Signal Interpreter Hackware Hacking Suite Protection Hardened Medium Armor Plating Weapon AWS/Gauss Energy Gun Precision Shock Rifle Ballistic Gun AWS/Gauss Ballistic Cannon Mass Driver Launcher Missile Launcher Impact Weapon Great Maul Slashing Weapon Mining Claw Build | -11 -10 -10 -10 -9 -8 -7 -7 -7 -7 ------- Run | Yrd Mat Min Exi Min Mat Fac Was Fac Sto Slots Evolved 6 | . . . . . 4 2 . . . Power . | . . . . . . . . . . Propulsion 2 | . . . . . 2 . . . . Utility 2 | . . . . . 1 1 . . . Weapon 2 | . . . . . 1 1 . . . Parts Attached 76 | 6 6 . 1 2 15 13 1 18 14 Power 4 | 1 . . . 1 1 . . . 1 Engine 2 | 1 . . . . 1 . . . . Core 2 | . . . . 1 . . . . 1 Reactor . | . . . . . . . . . . Propulsion 21 | 2 . . . . 3 1 1 8 6 Treads 8 | 2 . . . . 1 1 . . 4 Leg . | . . . . . . . . . . Wheel . | . . . . . . . . . . Hover 9 | . . . . . . . . 7 2 Flight 4 | . . . . . 2 . 1 1 . Utility 16 | 1 1 . . 1 2 5 . 3 3 Device 9 | . 1 . . 1 . 3 . 2 2 Storage 1 | 1 . . . . . . . . . Processor 1 | . . . . . 1 . . . . Hackware 2 | . . . . . . 1 . . 1 Protection 3 | . . . . . 1 1 . 1 . Artifact . | . . . . . . . . . . Weapon 35 | 2 5 . 1 . 9 7 . 7 4 Energy Gun 1 | . . . . . . . . . 1 Energy Cannon . | . . . . . . . . . . Ballistic Gun 11 | 2 2 . 1 . . 3 . 2 1 Ballistic Cannon 1 | . . . . . . . . . 1 Launcher 15 | . 3 . . . 6 2 . 3 1 Special Weapon . | . . . . . . . . . . Impact Weapon 1 | . . . . . . . . 1 . Slashing Weapon 6 | . . . . . 3 2 . 1 . Piercing Weapon . | . . . . . . . . . . Special Melee Weapon . | . . . . . . . . . . Unidentified Prototypes 5 | . . . 1 1 1 . . 1 1 Parts Lost 23 | . . . . . . 3 . 2 18 Power 1 | . . . . . . . . . 1 Propulsion 10 | . . . . . . 2 . 2 6 Utility 6 | . . . . . . . . . 6 Weapon 6 | . . . . . . 1 . . 5 Highest Loss Streak 13 | . . . . . . 2 . 2 13 To Critical Strikes . | . . . . . . . . . . Average Slot Usage (%) 81 | . 88 100 95 71 80 82 71 76 75 Engine 7 | . 14 14 14 10 3 7 7 7 4 Core 2 | . . . . 3 5 . . . 1 Treads 20 | . 28 28 28 28 24 19 18 5 4 Hover 3 | . . . . . . . . 15 20 Flight 3 | . . . . . 6 6 3 1 . Device 5 | . 3 14 14 . . 9 7 11 12 Storage 9 | . 14 14 14 14 9 7 7 7 5 Processor 3 | . . . . . 8 . . . . Hackware 2 | . . . . . . 7 7 7 6 Protection 2 | . . . . . 5 4 7 1 . Ballistic Gun 10 | . 26 14 14 14 9 5 3 4 5 Launcher 6 | . 1 14 9 . 8 6 3 7 4 Slashing Weapon 1 | . . . . . . 4 3 1 . Peak Build Rating 49 | 6 8 8 22 30 39 42 48 48 49 Average Rating 28 | 3 6 8 12 21 33 33 33 39 39 On Entrance 22 | . 6 8 8 22 23 39 37 29 48 Naked Turns 15 | . . . . . . . . . 15 Heaviest Build 37 | 12 15 15 21 21 34 37 37 37 34 Greatest Support 88 | 40 40 40 40 40 60 60 60 46 88 Greatest Overweight (x) 1 | . . . . . . 1 . 1 1 Average Overweight (x) . | . . . . . . . . . . Largest Inventory Capacity 8 | 8 8 8 8 8 8 8 8 8 8 Average Capacity 7 | 7 8 8 8 8 8 8 8 8 7 Most Carried 8 | 5 8 8 8 8 8 8 8 8 8 Average Carried 6 | 1 4 7 7 7 7 7 7 6 6 Final Capacity 8 | 8 8 8 8 8 8 8 8 8 5 Final Carried 8 | 1 7 8 7 7 8 7 8 8 . Class Distribution -------------------- 54% | Skirmisher 45% | Mutant Dominant Class ---------------- Mutant | -10/Materials Mutant | -10/Mines Mutant | -10/Exiles Mutant | -9/Mines Skirmisher | -8/Materials Skirmisher | -7/Factory Mutant | -7/Waste Skirmisher | -7/Factory Skirmisher | -7/Storage Resources | -11 -10 -10 -10 -9 -8 -7 -7 -7 -7 ----------- Run | Yrd Mat Min Exi Min Mat Fac Was Fac Sto Matter Collected 1314 | 237 70 50 . 67 276 80 105 283 146 Remotely . | . . . . . . . . . . Salvage Created 2076 | . 136 . . 54 1056 101 . 437 292 Parts 131 | . 9 . . 8 50 15 . 35 14 Haulers Intercepted 1 | . . . . . 1 . . . . Recyclers Shooed 3 | . . . . 1 . . . . 2 Parts Field Recycled . | . . . . . . . . . . Retrieved Matter . | . . . . . . . . . . Parts Self-Destructed . | . . . . . . . . . . Prevented . | . . . . . . . . . . Kills | -11 -10 -10 -10 -9 -8 -7 -7 -7 -7 ------- Run | Yrd Mat Min Exi Min Mat Fac Was Fac Sto Combat Hostiles Destroyed 48 | . 5 . . 4 24 1 . 9 5 Melee 4 | . . . . . 2 . . . 2 Guns 31 | . 3 . . 4 14 1 . 6 3 AOE 13 | . 2 . . . 8 . . 3 . Classes Destroyed 11 | . 2 . . 1 6 1 . 1 . Worker 4 | . 1 . . . 1 . . 1 1 Builder 6 | . . . . . . 2 . 2 2 Hauler 1 | . . . . . 1 . . . . Recycler 4 | . . . . . 1 . . 2 1 Swarmer 13 | . . . . 4 3 . . 4 2 Grunt 18 | . 5 . . . 11 . . . 2 Brawler 1 | . . . . . 1 . . . . Duelist 1 | . . . . . 1 . . . . Sentry 10 | . . . . . 6 1 . 2 1 Hunter 3 | . . . . . 2 . . 1 . Programmer 2 | . . . . . . . . 2 . Best Kill Streak 7 | . 4 . . 4 6 1 . 7 4 Combat Bots Only 4 | . 3 . . 4 4 1 . 4 2 Max Kills in Single Turn 4 | . 1 . . 1 2 1 . 4 1 Gunslinging . | . . . . . . . . . . Exploded 2 | . 1 . . . 2 . . 2 . Melee 1 | . . . . . 1 . . . 1 Uniques/NPCs Destroyed . | . . . . . . . . . . Combat | -11 -10 -10 -10 -9 -8 -7 -7 -7 -7 -------- Run | Yrd Mat Min Exi Min Mat Fac Was Fac Sto Hostile Shots Fired 603 | . 18 . . 11 77 18 . 32 447 Missed 224 | . 6 . . 4 23 6 . 14 171 Damage Taken 4168 | . 174 . . 55 785 153 . 399 2602 Core 848 | . 48 . . . 90 71 . 38 601 Absorbed by Shields 109 | . . . . . . . . . 109 Core Remaining (%) 87 | 100 . . . 80 83 . . . . Volleys Fired 50 | . 18 . . . 14 3 . 8 7 Largest 2 | . 2 . . . 1 1 . 1 1 Hottest 57 | . 50 . . . 36 36 . 39 57 Shots Fired 206 | . 30 . . 13 93 9 . 27 34 Gun 170 | . 24 . . 13 79 8 . 19 27 Cannon 5 | . . . . . . . . . 5 Launcher 31 | . 6 . . . 14 1 . 8 2 Special . | . . . . . . . . . . Kinetic 175 | . 24 . . 13 79 8 . 19 32 Thermal . | . . . . . . . . . . Explosive 31 | . 6 . . . 14 1 . 8 2 Electromagnetic . | . . . . . . . . . . Robot Hit Streak 18 | . 4 . . 4 17 11 . 18 9 Robot Miss Streak 5 | . 5 . . 1 2 1 . 1 1 Penetration Max . | . . . . . . . . . . Secondary Targets . | . . . . . . . . . . Autonomous 145 | . . . . 13 79 6 . 19 28 Shots Hit Robots 164 | . 16 . . 10 82 6 . 22 28 Core Hits 102 | . 18 . . 5 46 5 . 19 9 Critical Kills . | . . . . . . . . . . Critical Parts Destroyed 5 | . 1 . . . 2 . . . 2 Critical Strikes 5 | . 1 . . . 2 . . . 2 Destroy 3 | . 1 . . . 2 . . . . Smash 2 | . . . . . . . . . 2 Melee Attacks 33 | . . . . . 12 12 . 3 6 Impact 9 | . . . . . . . . 3 6 Slashing 24 | . . . . . 12 12 . . . Piercing . | . . . . . . . . . . Sneak Attacks 3 | . . . . . . 1 . . 2 Combat Hostiles . | . . . . . . . . . . Follow-up Attacks . | . . . . . . . . . . Damage Inflicted 6370 | . 427 . . 358 3135 204 . 1106 1140 Guns 3866 | . 120 . . 349 1910 158 . 619 710 Cannons 68 | . . . . . . . . . 68 Explosions 2037 | . 307 . . . 1138 . . 452 140 Melee 293 | . . . . . 48 46 . . 199 Ramming 106 | . . . . 9 39 . . 35 23 Kinetic 3934 | . 120 . . 349 1910 158 . 619 778 Thermal . | . . . . . . . . . . Explosive 2037 | . 307 . . . 1138 . . 452 140 Electromagnetic . | . . . . . . . . . . Impact 199 | . . . . . . . . . 199 Slashing 94 | . . . . . 48 46 . . . Piercing . | . . . . . . . . . . Highest Corruption 7 | . . . . . . . . 3 7 Average Corruption 2 | . . . . . . . . 2 3 Corruption Purged . | . . . . . . . . . . Corruption Blocked . | . . . . . . . . . . Effects 23 | . . . . . . . . 12 11 Message Errors 7 | . . . . . . . . 4 3 Matter Fused 5 | . . . . . . . . 4 1 Heat Flow Errors 1 | . . . . . . . . 1 . Energy Discharges 4 | . . . . . . . . . 4 Data Loss (minor) 2 | . . . . . . . . 1 1 Data Loss (major) 4 | . . . . . . . . 2 2 Overload Shots . | . . . . . . . . . . Overflow Damage 326 | . . . . . 43 60 . 53 170 Projectiles . | . . . . . . . . . . Explosions 158 | . . . . . 43 60 . 53 2 Melee 168 | . . . . . . . . . 168 Knockbacks 2 | . . . . . . . . . 2 Impact 1 | . . . . . . . . . 1 Kinetic 1 | . . . . . . . . . 1 Secondary . | . . . . . . . . . . Self-Inflicted Damage 381 | . . . . . 112 65 . 204 . Shots 12 | . . . . . 4 1 . 7 . Rammed 26 | . . . . 4 9 . . 2 11 Targets Rammed 29 | . . . . 4 9 . . 2 14 Kicked . | . . . . . . . . . . Crushed 3 | . . . . . . . . . 3 Highest Temperature 240 | . 38 . . . 17 . . 168 240 Average Temperature 39 | . 17 . . . 8 . . 98 66 Received Heat Transfer 940 | . 81 . . . 288 . . 24 547 Siege Activations . | . . . . . . . . . . Robots Corrupted 1 | . . . . . . . . . 1 Combat Hostiles . | . . . . . . . . . . Parts Fried 3 | . . . . . . . . . 3 Impact Corruptions 4 | . . . . . . . . . 4 Robots Melted . | . . . . . . . . . . Combat Hostiles . | . . . . . . . . . . Parts Melted . | . . . . . . . . . . Heat Transferred . | . . . . . . . . . . Parts Sabotaged . | . . . . . . . . . . Parts Stolen . | . . . . . . . . . . Parts Stripped . | . . . . . . . . . . Power Chain Reactions . | . . . . . . . . . . Alert | -11 -10 -10 -10 -9 -8 -7 -7 -7 -7 ------- Run | Yrd Mat Min Exi Min Mat Fac Was Fac Sto Peak Influence 615 | . 125 48 . 110 615 316 40 368 353 Initial 279 | . . 48 . . . 279 40 28 141 Average 142 | . 60 48 . 21 207 203 40 125 176 Maximum Alert Level 2 | . . . . . 2 1 . 1 1 Low Security (%) 72 | 100 100 100 . 100 57 48 100 75 69 Level 1 17 | . . . . . 16 51 . 24 30 Level 2 9 | . . . . . 25 . . . . Level 3 . | . . . . . . . . . . Level 4 . | . . . . . . . . . . Level 5 . | . . . . . . . . . . High Security . | . . . . . . . . . . Max Security . | . . . . . . . . . . Squads Dispatched 12 | . . . . . 3 1 . 6 2 Investigation 3 | . . . . . . . . 3 . Extermination 3 | . . . . . . . . 2 1 Reinforcement 4 | . . . . . 1 1 . 1 1 Assault 2 | . . . . . 2 . . . . Garrison . | . . . . . . . . . . Intercept . | . . . . . . . . . . Searches Triggered . | . . . . . . . . . . Construction Impeded 1 | . . . . . 1 . . . . Haulers Reinforced . | . . . . . . . . . . Active Scanning Responses . | . . . . . . . . . . Cargo Convoy Interrupts . | . . . . . . . . . . Stealth | -11 -10 -10 -10 -9 -8 -7 -7 -7 -7 --------- Run | Yrd Mat Min Exi Min Mat Fac Was Fac Sto Distress Signals 5 | . 1 . . . 3 . . 1 . Communications Jammed . | . . . . . . . . . . Distress Signals . | . . . . . . . . . . Times Spotted 80 | . 10 . . 5 36 3 1 9 16 Peak Tracking Total 9 | . 5 . . 4 4 1 1 4 9 Tactical Retreats 5 | . . . . 1 1 . . . 3 Traps | -11 -10 -10 -10 -9 -8 -7 -7 -7 -7 ------- Run | Yrd Mat Min Exi Min Mat Fac Was Fac Sto Traps Triggered 7 | . 2 . . . . 2 . 3 . Indirectly . | . . . . . . . . . . Trap Hack Attempts . | . . . . . . . . . . Triggered . | . . . . . . . . . . Disarmed . | . . . . . . . . . . Reprogrammed . | . . . . . . . . . . Reused . | . . . . . . . . . . Traps Extracted . | . . . . . . . . . . Installed . | . . . . . . . . . . Triggered . | . . . . . . . . . . Machines | -11 -10 -10 -10 -9 -8 -7 -7 -7 -7 ---------- Run | Yrd Mat Min Exi Min Mat Fac Was Fac Sto Machines Disabled 22 | . 2 . . . 7 . . 10 3 Max in Single Turn 4 | . 1 . . . 1 . . 4 1 Garrison Access 1 | . . . . . . 1 . . . Machines Repaired . | . . . . . . . . . . Machines Dismantled . | . . . . . . . . . . Machines Sabotaged . | . . . . . . . . . . Overloaded Fab Kills . | . . . . . . . . . . Hacking | -11 -10 -10 -10 -9 -8 -7 -7 -7 -7 --------- Run | Yrd Mat Min Exi Min Mat Fac Was Fac Sto Machines Accessed 20 | . 1 . 2 . 3 4 . 8 2 Terminals 11 | . 1 . . . 2 1 . 5 2 Fabricators 2 | . . . . . . 1 . 1 . Repair Stations 1 | . . . . . . 1 . . . Recycling Units 3 | . . . . . 1 . . 2 . Scanalyzers . | . . . . . . . . . . Garrison Access 1 | . . . . . . 1 . . . Total Hacks 67 | . 3 . 30 . 9 6 . 14 5 Successful 48 | . 3 . 30 . 8 3 . 2 2 Failed 19 | . . . . . 1 3 . 12 3 Catastrophic 3 | . . . . . . . . 3 . Database Lockouts . | . . . . . . . . . . Manual 11 | . . . 1 . . 1 . 7 2 Terminals 28 | . 3 . . . 8 1 . 11 5 Fabricators 2 | . . . . . . 1 . 1 . Repair Stations 2 | . . . . . . 2 . . . Recycling Units 3 | . . . . . 1 . . 2 . Scanalyzers . | . . . . . . . . . . Garrison Access 2 | . . . . . . 2 . . . Terminal Hacks 44 | . 3 . 30 . 7 1 . 1 2 Record 35 | . 1 . 30 . 3 . . 1 . Open Door 1 | . . . . . . . . . 1 Open DSF 1 | . . . . . . 1 . . . Branch Access Points 1 | . . . . . 1 . . . . Emergency Access Points 1 | . . . . . 1 . . . . Alert Level 1 | . . . . . 1 . . . . Locate Traps 1 | . . . . . . . . . 1 Dispatch Records 1 | . . . . . 1 . . . . Registered Components 1 | . 1 . . . . . . . . Zone Layout 1 | . 1 . . . . . . . . Fabricator Hacks 1 | . . . . . . 1 . . . Network Status 1 | . . . . . . 1 . . . Repair Station Hacks . | . . . . . . . . . . Recycling Unit Hacks 2 | . . . . . 1 . . 1 . Report Inventory 2 | . . . . . 1 . . 1 . Scanalyzer . | . . . . . . . . . . Garrison Access Hacks 1 | . . . . . . 1 . . . Seal Access 1 | . . . . . . 1 . . . Unauthorized Hacks . | . . . . . . . . . . Terminals . | . . . . . . . . . . Fabricators . | . . . . . . . . . . Repair Stations . | . . . . . . . . . . Recycling Units . | . . . . . . . . . . Scanalyzers . | . . . . . . . . . . Garrison Access . | . . . . . . . . . . Data Cores Recovered . | . . . . . . . . . . Used . | . . . . . . . . . . Hacking Detections 12 | . . . . . 1 2 . 7 2 Full Trace Events 2 | . . . . . . . . 2 . Feedback Events . | . . . . . . . . . . Feedback Blocked . | . . . . . . . . . . Robot Schematics Acquired . | . . . . . . . . . . Robots Built . | . . . . . . . . . . Authchips . | . . . . . . . . . . Time . | . . . . . . . . . . Total Robot Build Rating . | . . . . . . . . . . Part Schematics Acquired . | . . . . . . . . . . Parts Built . | . . . . . . . . . . Authchips . | . . . . . . . . . . Time . | . . . . . . . . . . Total Part Build Rating . | . . . . . . . . . . Parts Repaired . | . . . . . . . . . . Time . | . . . . . . . . . . Parts Recycled . | . . . . . . . . . . Recycled Matter . | . . . . . . . . . . Retrieved Matter . | . . . . . . . . . . Retrieved Components . | . . . . . . . . . . Parts Scanalyzed . | . . . . . . . . . . Part Schematics Acquired . | . . . . . . . . . . Parts Damaged . | . . . . . . . . . . Bothacking | -11 -10 -10 -10 -9 -8 -7 -7 -7 -7 ------------ Run | Yrd Mat Min Exi Min Mat Fac Was Fac Sto Used RIF Installer . | . . . . . . . . . . Robots Hacked . | . . . . . . . . . . Non-combat . | . . . . . . . . . . Combat . | . . . . . . . . . . Robot Hacks Applied . | . . . . . . . . . . Relay Couplers Released . | . . . . . . . . . . Fabnet Peak Effective % . | . . . . . . . . . . Robots Rewired . | . . . . . . . . . . Allies Hacked . | . . . . . . . . . . Hacks Repelled . | . . . . . . . . . . Allies | -11 -10 -10 -10 -9 -8 -7 -7 -7 -7 -------- Run | Yrd Mat Min Exi Min Mat Fac Was Fac Sto Total Allies 3 | . . . . 1 . . . . 2 Largest Group 2 | . . . . 1 . . . . 2 Highest-Rated Group 62 | . . . . 31 . . . . 62 Highest-Rated Ally 31 | . . . . 31 . . . . 31 Total Orders . | . . . . . . . . . . Ally Attacks 3 | . . . . . . . . . 3 Total Damage 25 | . . . . . . . . . 25 Kills . | . . . . . . . . . . Allies Corrupted . | . . . . . . . . . . Allies Melted . | . . . . . . . . . . Intel | -11 -10 -10 -10 -9 -8 -7 -7 -7 -7 ------- Run | Yrd Mat Min Exi Min Mat Fac Was Fac Sto Robot Analysis Total . | . . . . . . . . . . Derelict Logs Recovered 2 | . . 1 . 1 . . . . . Drone Launches . | . . . . . . . . . . Drone Recoveries . | . . . . . . . . . . Exploration | -11 -10 -10 -10 -9 -8 -7 -7 -7 -7 ------------- Run | Yrd Mat Min Exi Min Mat Fac Was Fac Sto Turns Passed 8721 | 63 792 393 713 875 2949 782 144 1555 455 Spaces Moved 5713 | 46 374 156 443 530 1410 572 131 1510 541 Core 93 | 20 . . . . . . . . 73 Treads 3490 | 26 374 156 443 530 1410 281 40 208 22 Legs . | . . . . . . . . . . Wheels . | . . . . . . . . . . Hover 1748 | . . . . . . . . 1302 446 Flight 382 | . . . . . . 291 91 . . Fastest Speed 48 | 50 160 160 160 160 160 72 80 48 48 Average Speed 120 | 112 160 160 160 160 160 116 104 70 54 Slowest Speed 240 | 160 160 160 160 160 160 160 160 240 170 Overloaded Moves . | . . . . . . . . . . Propulsion Burnouts . | . . . . . . . . . . Robots Hopped . | . . . . . . . . . . Cave-ins Triggered . | . . . . . . . . . . Exploration Rate (%) 44 | 3 46 30 77 64 50 10 83 32 54 Regions Visited 9 Branch Regions 4 Pre-discovered Areas 1 | . . . 1 . . . . . . Known Exits Taken 1 | . . . . . 1 . . . . Unknown Exits Taken 6 | 1 1 1 1 1 . . . 1 . Scrap Searched 2 | . . 1 . 1 . . . . . Spaces Dug 62 | . . . . . 6 11 . 40 5 Terrain Destroyed 411 | . 14 . . 5 178 11 . 150 53 Melee 12 | . . . . . 6 . . 3 3 Projectile 83 | . . . . 5 47 . . 14 17 AOE 316 | . 14 . . . 125 11 . 133 33 Terrain Rammed . | . . . . . . . . . . Walls Destroyed . | . . . . . . . . . . Machines Disabled . | . . . . . . . . . . Actions | -11 -10 -10 -10 -9 -8 -7 -7 -7 -7 --------- Run | Yrd Mat Min Exi Min Mat Fac Was Fac Sto Total 7451 | 58 546 300 449 557 2065 667 141 1994 674 Wait 1414 | . 133 144 . 15 575 47 . 417 83 Move 5705 | 45 373 155 442 529 1409 572 130 1509 541 Hop . | . . . . . . . . . . Pick Up 73 | 7 9 1 2 2 15 8 2 19 8 Fast Attach . | . . . . . . . . . . Attach 75 | 6 6 . 1 1 15 13 1 18 14 Detach 33 | . 5 . . 2 7 8 3 7 1 Swap 1 | . . . . 1 . . . . . Drop 38 | . 2 . 4 3 9 4 5 11 . Fire 50 | . 18 . . . 14 3 . 8 7 Melee 33 | . . . . . 12 12 . 3 6 Ram 2 | . . . . . . . . 2 . Kick . | . . . . . . . . . . Crush 27 | . . . . 4 9 . . . 14 Escape Stasis . | . . . . . . . . . . Rewire . | . . . . . . . . . . Trap . | . . . . . . . . . . Miscellaneous . | . . . . . . . . . . Route ------- -11/Scrapyard -10/Materials (discovered 2 exits: [*Mat] / [*Min]) -10/Mines -10/Exiles -9/Mines -8/Materials (discovered 2 exits: *Fac x2) -7/Factory (discovered 3 exits: [*Fac x2] / [*Low]) -7/Waste -7/Factory (discovered 2 exits: *Sto / [*Low]) -7/Storage History --------- Turn | Location | Event 40 | -11/Scrapyard | Discovered new exit (range 15) 64 | -11/Scrapyard | Entered Materials 312 | -10/Materials | Build established: Mutant 515 | -10/Materials | Discovered new exit (range 15) 784 | -10/Materials | Discovered new exit (range 16) 856 | -10/Materials | Entered Mines 878 | -10/Mines | Met a Derelict bent on vengeance 933 | -10/Mines | Learned Materials trap positions 965 | -10/Mines | Met a Derelict testing a Signal Generator 973 | -10/Mines | Found Signal Generator 1238 | -10/Mines | Deemed a non-threat by the Exiles lab entrance 1240 | -10/Mines | Discovered new exit (range 5) 1249 | -10/Mines | Entered Exiles 1299 | -10/Exiles | Met 8R-AWN 1333 | -10/Exiles | Met EX-HEX 1413 | -10/Exiles | Met EX-DEC 1437 | -10/Exiles | Learned location of Zion (-6) 1524 | -10/Exiles | Visited The Gauntlet 1645 | -10/Exiles | Met EX-BIN 1681 | -10/Exiles | Aligned with FarCom system 1683 | -10/Exiles | Given EX-Vault access code 1731 | -10/Exiles | Opened EX-Vault 1737 | -10/Exiles | Found Prototype Ballistic Gun 1752 | -10/Exiles | Identified AWS/Gauss 1805 | -10/Exiles | Warned to stay clear of 0b10 Research branches 1930 | -10/Exiles | Discovered new exit (range 15) 1962 | -10/Exiles | Left Exiles lab with AWS/Gauss 1962 | -10/Exiles | Entered Mines 2074 | -9/Mines | Found a damaged Exp. Sensor Array with a note attached 2081 | -9/Mines | Found Prototype Device 2082 | -9/Mines | Identified Exp. Sensor Array 2096 | -9/Mines | Received a Mining Laser from a helpful Derelict 2257 | -9/Mines | Learned location of 1 exit from Materials 2556 | -9/Mines | Received a Rocket Launcher from a helpful Derelict 2744 | -9/Mines | Discovered new exit (range 6) 2799 | -9/Mines | Found a hidden stash of uninstalled traps 2837 | -9/Mines | Entered Materials 2837 | -8/Materials | Evolved 4 slots: Propulsion x2, Utility x1, Weapon x1 2838 | -8/Materials | Identified exit to Factory 2839 | -8/Materials | Loaded intel: 16 trap records 3143 | -8/Materials | Build established: Skirmisher 5631 | -8/Materials | Discovered exit to Factory (range 15) 5637 | -8/Materials | First assault squad dispatched 5786 | -8/Materials | Entered Factory 5786 | -7/Factory | Evolved 2 slots: Utility x1, Weapon x1 5816 | -7/Factory | Discovered new exit (range 11) 5890 | -7/Factory | Identified exit to DSF 6071 | -7/Factory | Build established: Mutant 6238 | -7/Factory | Discovered new exit (range 15) 6371 | -7/Factory | Build established: Skirmisher 6440 | -7/Factory | Discovered new exit (range 15) 6568 | -7/Factory | Sucked down chute 6568 | -7/Factory | Entered Waste 6568 | -7/Waste | The area was eerily silent 6678 | -7/Waste | A Compactor rumbled back to life 6678 | -7/Waste | Spotted C-40 Crusher 6688 | -7/Waste | Discovered new exit (range 13) 6712 | -7/Waste | Entered Factory 7352 | -7/Factory | Build established: Mutant 7749 | -7/Factory | Discovered new exit (range 9) 7826 | -7/Factory | Build established: Skirmisher 8181 | -7/Factory | Discovered new exit (range 11) 8267 | -7/Factory | Entered Storage 8575 | -7/Storage | AWS/Gauss suddenly broke down 8619 | -7/Storage | Core integrity fell below 50% 8638 | -7/Storage | Core integrity fell below 20% 8641 | -7/Storage | Met a pair of Derelict thieves 8660 | -7/Storage | Lost 13 parts (1p6n4u2w) 8722 | -7/Storage | Destroyed by Y-54 Guardian with Gatling Laser Last Messages --------------- Acquired 10 matter. 9CENTN RZHXU:TTMNKAQQH|DD Slammed into K-01 Serf. Slammed into R-06 Scavenger. Imp. Heat Sink destroyed. A-02 Transporter destroyed. Acquired Proton Missile Launcher. Map ----- +----------------------------------------------------+ | ????????????????????????? #???????????????????? | | ?????????????????????????" #???????????????????? | | ?????????????????????????" #???????????????????? | | #???????????????????????"" #???????????????????? | | #?????????????????????? #???????????????????? | | #???????????????????????"" #???????????????????? | | #???????????????????????"" #???????????????????? | | #????????????????????????" #???????????????????? | | #???????????????????????? #???????????????????? | | #????????????????????????? ????????????????????? | | ???###########???????????? ??##"""##???????????? | | ##?# #????????????#+#??#T #???????????? | | ##?# #????????????# #???# ????????####? | | ### ############## ######+######## #? | | " + w= #? | | ######+##+## % %= s g##### #? | | # =% = ! #???# #? | | #####/########### !! #???# ####### #? | | " " #??????# ####"###???# #?######?? ##? | | # """ "##?????# #?#T #?????# #? ! #?????? | | # + """ "##?????#+#?## #?????# # #?????? | | " # """ "##??????????#[#?????#Y # #?????? | | " # T##??????????###?????# += #?????? | | " %# """ "##????????########### Y # [ #?????? | | # """ "##??? # Y + #?????? | | # """ "##??? + @]] %%Y* # #?????? | | # ##????????# !]%]] p%! #?######?????? | | #### ""#########???##+#########+###???????????? | | ####"###########????????????##%[%=#???????????? | | # g ##????????????#T![[ #???????????? | | # ##???????????###"%"##???????????? | | # """ """ """ ##???????????# =% #???????????? | | # """ """ """ ##???????????#== #???????????? | | " / "" """ """ ###??????????# = #???????????? | | # # !%"" ??????#= #???????????? | | # #####""##########??????????########???????????? | | ###############??????????????????????????????? | | # " ?????????????????????????????????????? | | + ???????????????????????????????????????????? | | # ???????????????????????????????????????????? | | ######???????????????????????????????????????????? | | ######???????????????????????????????????????????? | | #????????????????????????????????????????????????? | | #????????????????????????????????????????????????? | | #????????????????????????????????????????????????? | | #????????????????????????????????????????????????? | | #????????????????????????????????????????????????? | | #????????????????????????????????????????????????? | | ?????????????????????????????????????????????????? | | ?????????????????????????????????????????????????? | +----------------------------------------------------+ Best States ------------- Heat Dissipation 48 Energy Generation 15 Energy Capacity 250 Matter Stores 300 Matter Capacity 300 Sight Range 16 Robot Scan Range 14 Terrain Scan Density 10 Additional Mass Support 6 Armor Coverage 225 Evasion (%) 55 Recoil Reduction 4 Offensive Hacking 10 Defensive Hacking 10 Item Schematics ----------------- None Robot Schematics ------------------ None Fabricated ------------ Nothing Alien Tech Used ----------------- None Achievements -------------- Fist Fight Challenges ------------ None Game ------ Seed AnalysisTeleporterStreamer Manual? 0 Play Time 01:08:19 Cumulative 15.3 hours Start 2024.08.31 @ 23:19:20 End 2024.09.02 @ 13:00:50 Sessions 3 Manual Loads 0 Difficulty Rogue Special Mode None Game No. 31 Rogue 31 Adventurer 0 Explorer 0 Win Type - Total 0 Types 0/0/0/0/0/0/0/0/0 Lore% 10 Gallery% 21 Achievement% 16 Wizard Run 0 Options --------- Layout 0 ASCII 0 Keyboard 0 Movement Arrows Keybinds 0 Fullscreen 2 Font 24/Smallcaps Map View 56x25 Zoom Use 50% Tactical HUD 0 Map Filters NONE Filters NONE Steam 1 RUN: f900942c-4310-4896-9c81-0f6450fd1330